 Dungeon Crawl Stone Soup version 0.30-a0-711-gf4ac18a38d (webtiles) character file.

Game seed: 5817417679742027296

13755 zinnoa the Thaumaturge (level 12, -16/71 HPs)
             Began as a Djinni Fire Elementalist on Jan 23, 2023.
             Was an Elder of Makhleb.
             Killed from afar by a frost giant (43 damage)
             ... with a bolt of cold
             ... on level 13 of the Dungeon.
             The game lasted 00:44:17 (10372 turns).

zinnoa the Thaumaturge (Djinni Fire Elementalist)  Turns: 10372, Time: 00:44:18

Health: -16/71     AC: 10    Str:  7    XL:     12   Next: 36%
Gold:   662        EV: 17    Int: 25    God:    Makhleb [****..] SH:  5 Dex: 20

rFire   + + +      SeeInvis .    r - +3 rapier "Waemil" {venom, +Blink rF+ rCorr}
rCold   x . .      Faith    .    (no shield)
rNeg    . . .      Spirit   .    K - +2 leather armour {rPois}
rPois   ∞          Reflect  +    (helmet restricted)
rElec   .          Harm     .    (no cloak)
rCorr   +          Rampage  .    F - +2 pair of gloves
Will    +....                    (boots unavailable)
Stlth   ++                       t - amulet of reflection
HPRegen 0.31/turn                u - ring "Moaw Xay" {Int+3 Dex+6}
MPRegen 0.00/turn                (no ring)

@: flying
A: sickness immunity, fire resistance 2, cold vulnerability 1, float, innate
caster, HP casting, extra vitality 1, antennae 1, iridescent scales 1
a: Renounce Religion, Evoke Blink, Minor Destruction, Lesser Servant of Makhleb,
Major Destruction


You were on level 13 of the Dungeon.
You worshipped Makhleb.
Makhleb was greatly pleased with you.
You visited 2 branches of the dungeon, and saw 12 of its levels.

You collected 662 gold pieces.

Inventory:

Hand Weapons
 r - the +3 rapier "Waemil" (weapon) {venom, +Blink rF+ rCorr}
   (You found it on level 3 of the Dungeon)

   rF:        It protects you from fire.
   +Blink:    It lets you blink.
   rCorr:     It protects you from acid and corrosion.
Missiles
 D - 2 throwing nets
Armour
 a - a +0 robe
 d - a +0 helmet
 F - a +2 pair of gloves (worn)
 K - a +2 leather armour of poison resistance (worn)
Jewellery
 t - an amulet of reflection (around neck)
 u - the ring "Moaw Xay" (left hand) {Int+3 Dex+6}
   (You found it on level 3 of the Dungeon)

   [ring of dexterity]

   Int:       It affects your intelligence (+3).
   Dex:       It affects your dexterity (+6).
 v - a ring of willpower
 C - an amulet of the acrobat
 M - a ring of see invisible
Wands
 B - a wand of polymorph (16)
 E - a wand of charming (14)
 J - a wand of mindburst (14)
 N - a wand of flame (10)
Scrolls
 c - 2 scrolls of enchant weapon {unknown}
 f - 12 scrolls of identify {unknown}
 g - 9 scrolls of teleportation {unknown}
 h - a scroll of summoning {unknown}
 j - 2 scrolls of vulnerability {unknown}
 m - a scroll of poison {unknown}
 n - 5 scrolls of amnesia {unknown}
 o - 4 scrolls of fear {unknown}
 p - 2 scrolls of blinking {unknown}
 q - 3 scrolls of enchant armour {unknown}
 s - a scroll of noise {unknown}
 x - 3 scrolls of fog {unknown}
 y - 3 scrolls of silence {unknown}
 A - 2 scrolls of torment {unknown}
 I - a scroll of acquirement {unknown}
Potions
 b - 2 potions of magic
 e - 3 potions of mutation
 i - a potion of brilliance
 k - a potion of attraction {unknown}
 l - a potion of degeneration {unknown}
 w - 3 potions of flight {unknown}
 z - 6 potions of curing {unknown}
 G - 2 potions of lignification {unknown}
 H - a potion of berserk rage {unknown}
 L - a potion of haste


   Skills:
 + Level 0.3 Fighting
 + Level 3.2 Armour
 * Level 9.5 Dodging
 - Level 3.2 Stealth
 + Level 1.9 Shields
 + Level 12.8 Spellcasting
 + Level 1.9 Evocations


You had 9 spell levels left.
You knew the following spells:

 Your Spells              Type           Power      Damage    Failure   Level
a - Foxfire               Conj/Fire      100%       2x1d9     1%          1
b - Scorch                Fire           100%       2d10      1%          2
c - Kindle Blastsparks    Fire/Tloc/Air  100%       2d18      1%          3
d - Inner Flame           Hex/Fire       69%        N/A       1%          3
e - Flame Wave            Conj/Fire      69%        2d16      1%          4
f - Shock                 Conj/Air       100%       1d9       1%          1
g - Momentum Strike       Conj/Tloc      100%       3d10      1%          2
h - Static Discharge      Conj/Air       100%       2-7/arc   1%          2
i - Petrify               Tmut/Erth      69%        N/A       1%          4
j - Agony                 Necr           69%        N/A       1%          5
Your spell library was empty.

Dungeon Overview and Level Annotations

Branches:
Dungeon (10/15)            Temple (1/1) D:4            Lair (0/5) D:8
    Orc: D:9-12

Altars:
Ashenzari
Cheibriados
Dithmenos
Elyvilon
Fedhas
Gozag
Hepliaklqana
Makhleb
Nemelex Xobeh
Okawaru
Qazlal
Uskayaw
Wu Jian
Xom
Yredelemnul
Zin
The Shining One

Portals:
Abyss: D:6

Annotations:
D:5 exclusion: statue
D:6 2 transporters, osoart's ghost, novice DsIE


Innate Abilities, Weirdness & Mutations

You are immune to sickness and miasma.
You are immune to poison.
Your flesh is very heat resistant. (rF++)
You are vulnerable to cold. (rC-)
You float through the air rather than walking.
You learn spells naturally, not from books.
Your magical power is your life essence.
You have superior vitality. (+4 MHP)
You have a pair of small antennae on your head.
You are partially covered in iridescent scales. (AC +2)


Message History

The frost giant is engulfed in blazing flames.
Flame seeps out of the frost giant.
The frost giant hits you but does no damage.
Casting: Foxfire (safe; 1% risk of failure)
Confirm with . or Enter, or press ? or * to list all spells.
You conjure some foxfire!
The foxfire hits the frost giant!
Flame seeps out of the frost giant.
The frost giant is moderately wounded.
The foxfire hits the frost giant but does no damage.
The frost giant is moderately wounded.
The frost giant is engulfed in blazing flames.
Flame seeps out of the frost giant.
The frost giant barely misses you.
The frost giant hits your foxfire with a +0 battleaxe of freezing!
The frost giant freezes your foxfire.
The frost giant hits your foxfire with a +0 battleaxe of freezing!
The frost giant freezes your foxfire.
Casting: Foxfire (safe; 1% risk of failure)
Confirm with . or Enter, or press ? or * to list all spells.
You conjure some foxfire!
The foxfire hits the frost giant but does no damage.
The frost giant is heavily wounded.
The foxfire hits the frost giant.
Flame seeps out of the frost giant.
The frost giant is heavily wounded.
The frost giant is engulfed in blazing flames.
Flame seeps out of the frost giant.
The frost giant points at you and mumbles some strange words.
The bolt of cold misses you.
Casting: Foxfire (safe; 1% risk of failure)
Confirm with . or Enter, or press ? or * to list all spells.
You conjure some foxfire!
The foxfire hits the frost giant!
Flame seeps out of the frost giant.
The frost giant is heavily wounded.
The foxfire hits the frost giant but does no damage.
The frost giant is heavily wounded.
The frost giant is engulfed in blazing flames.
Flame seeps out of the frost giant.
The frost giant gestures at you while chanting.
The bolt of cold hits you!!!
You feel a terrible chill!
Ouch! That really hurt!
You die...

....#.....# ........###
.♣ ........## ..
...#.....## ♣♣.
...#......# ...
..........########.#####
##......................
#....##.........C.......
##...##.......§v@.......
#..............§v..##.##
.........)##..)....##
.(.......#........##
...................#
##.................#
###....<.....##...###
#.....#...........#
##...##...##....###


You could see a frost giant (inner flame, ally target).

Vanquished Creatures
  A sphinx (D:13)
  A hydra (D:13)
  A centaur warrior (D:13)
  2 two-headed ogres
  A boulder beetle (D:13)
  Nergalle (D:10)
  An ugly thing (D:13)
  Joseph (D:8)
  2 komodo dragons
  Prince Ribbit (D:7)
  A troll (D:9)
  A slime creature (D:13)
  Sigmund (D:3)
  A shadow (D:9)
  2 wyverns
  10 yaks
  7 vampire mosquitoes
  Grum (D:8)
  2 steam dragons (D:7)
  Menkaure (D:5)
  An acid dragon (D:9)
  A water moccasin (D:6)
  2 sky beasts
  An orc warrior (D:7)
  3 ice beasts
  A black bear (D:7)
  2 ogres
  3 centaurs
  2 wolves (D:8)
  A phantom (D:4)
  Blork the orc (D:4)
  A kobold brigand (D:9)
  A necrophage (D:5)
  2 bullfrogs
  A bullfrog (shapeshifter) (D:13)
  2 scorpions
  12 wights
  15 killer bees
  4 howler monkeys
  2 jellies
  2 hounds (D:4)
  A gnoll bouda (D:9)
  3 orc priests
  Jessica (D:3)
  An iguana (D:6)
  Terence (D:2)
  5 orc wizards
  3 gnolls (D:9)
  2 adders
  A shadow imp (D:6)
  A white imp (D:8)
  2 ufetubi
  2 worms (D:2)
  2 dart slugs
  19 orcs
  5 ball pythons
  7 bats
  9 endoplasms
  3 giant cockroaches
  8 goblins
  4 hobgoblins
  7 jackals
  12 kobolds
  A quokka (D:4)
  A frilled lizard (D:1)
  8 rats
208 creatures vanquished.

Vanquished Creatures (others)
  6 slime creatures (D:13)
  155 foxfires
  9 plants
  4 withered plants (D:10)
174 creatures vanquished.

Grand Total: 382 creatures vanquished

Notes
Turn   | Place    | Note
-------+----------+-------------------------------------------
     0 | D:1      | zinnoa the Djinni Fire Elementalist began the quest for the
                  | Orb.
     0 | D:1      | zinnoa set off with the following spells memorised:
                  | Foxfire, Scorch, Kindle Blastsparks, Inner Flame, Flame
                  | Wave.
     0 | D:1      | Reached XP level 1. HP: 15/15 MP: 0/0
   160 | D:1      | Reached XP level 2. HP: 18/21 MP: 0/0
   335 | D:1      | Reached skill level 3 in Spellcasting
   364 | D:1      | Reached XP level 3. HP: 23/25 MP: 0/0
   364 | D:1      | Learned a level 1 spell: Shock
  1105 | D:2      | Noticed Terence
  1111 | D:2      | Killed Terence
  1112 | D:2      | Reached XP level 4. HP: 23/31 MP: 0/0
  1864 | D:3      | Identified the +3 rapier "Waemil" {venom, +Blink rF+ rCorr}
  2081 | D:3      | Noticed Jessica
  2086 | D:3      | Killed Jessica
  2087 | D:3      | Reached XP level 5. HP: 19/35 MP: 0/0
  2087 | D:3      | Learned a level 2 spell: Momentum Strike
  2295 | D:3      | Found a broken altar of Ashenzari.
  2296 | D:3      | Identified the ring "Moaw Xay" {Int+3 Dex+6}
  2408 | D:3      | Noticed Sigmund
  2416 | D:3      | Killed Sigmund
  2417 | D:3      | Reached skill level 4 in Spellcasting
  2417 | D:3      | Reached XP level 6. HP: 17/40 MP: 0/0
  2784 | D:4      | Noticed Blork the orc
  2790 | D:4      | Killed Blork the orc
  2791 | D:4      | Reached XP level 7. HP: 30/45 MP: 0/0
  2791 | D:4      | Learned a level 2 spell: Static Discharge
  2944 | D:4      | Reached skill level 5 in Spellcasting
  3040 | D:4      | Found a staircase to the Ecumenical Temple.
  3051 | Temple   | Entered the Ecumenical Temple
  3321 | Temple   | Became a worshipper of Makhleb the Destroyer
  4173 | D:5      | Entered Level 5 of the Dungeon
  4238 | D:5      | Reached XP level 8. HP: 20/50 MP: 0/0
  4546 | D:5      | Noticed Menkaure
  4550 | D:5      | Killed Menkaure
  4551 | D:5      | Reached skill level 6 in Spellcasting
  4789 | D:5      | Reached skill level 1 in Evocations
  4926 | D:5      | Found a glowing golden altar of the Shining One.
  5245 | D:6      | Found a transporter.
  5339 | D:6      | Reached * piety under Makhleb
  5356 | D:6      | Reached skill level 5 in Dodging
  5431 | D:6      | Noticed a toenail golem
  5435 | D:6      | Found a one-way gate to the infinite horrors of the Abyss.
  5447 | D:6      | Found a transporter.
  5447 | D:6      | Noticed a small abomination
  5473 | D:6      | Reached skill level 7 in Spellcasting
  5481 | D:6      | Reached XP level 9. HP: 43/55 MP: 0/0
  5481 | D:6      | Learned a level 4 spell: Petrify
  5593 | D:6      | Found an opulent altar of Gozag.
  5685 | D:6      | Found a blossoming altar of Fedhas.
  5778 | D:6      | Reached skill level 8 in Spellcasting
  5864 | D:6      | Identified the +1 great mace "Vimiapuf" {vamp, rPois rF+
                  | rC- Dex+6}
  6132 | D:6      | Noticed osoart's ghost (novice DsIE)
  6365 | D:7      | Noticed Prince Ribbit
  6369 | D:7      | Killed Prince Ribbit
  6624 | D:7      | Found a hazy altar of Hepliaklqana.
  6840 | D:7      | Reached skill level 9 in Spellcasting
  6843 | D:7      | Reached XP level 10. HP: 44/60 MP: 0/0
  6849 | D:7      | Reached ** piety under Makhleb
  7330 | D:8      | Noticed Grum
  7339 | D:8      | Killed Grum
  7356 | D:8      | Noticed a komodo dragon
  7359 | D:8      | Killed a komodo dragon
  7360 | D:8      | Reached skill level 10 in Spellcasting
  7434 | D:8      | Noticed Joseph
  7443 | D:8      | Killed Joseph
  7643 | D:8      | Found a staircase to the Lair.
  7758 | D:8      | Gained mutation: You are partially covered in iridescent
                  | scales. (AC +2) [potion of mutation]
  7758 | D:8      | Gained mutation: You have a pair of small antennae on your
                  | head. [potion of mutation]
  8025 | D:8      | Found a hide-covered altar of Uskayaw.
  8375 | D:9      | Reached *** piety under Makhleb
  8502 | D:9      | Identified the +1 rapier of the Ten Olives {heavy, rF+
                  | Will+}
  8531 | D:9      | Noticed a two-headed ogre
  8540 | D:9      | Killed a two-headed ogre
  8541 | D:9      | Reached skill level 1 in Armour
  8541 | D:9      | Reached XP level 11. HP: 59/65 MP: 0/0
  8541 | D:9      | Learned a level 5 spell: Agony
  8644 | D:9      | Reached skill level 1 in Shields
  8644 | D:9      | Reached skill level 11 in Spellcasting
  9603 | D:10     | Entered Level 10 of the Dungeon
  9675 | D:10     | Found a glowing silver altar of Zin.
  9724 | D:10     | Noticed Nergalle
  9730 | D:10     | Killed Nergalle
  9878 | D:10     | Found a sparkling altar of Nemelex Xobeh.
  9936 | D:10     | You are sucked into a shaft and drop 3 floors!
  9960 | D:13     | Reached **** piety under Makhleb
  9964 | D:13     | Noticed a two-headed ogre
  9969 | D:13     | Killed a two-headed ogre
  9970 | D:13     | Reached skill level 12 in Spellcasting
  9970 | D:13     | Noticed a brown ugly thing
  9976 | D:13     | Killed a brown ugly thing
 10018 | D:13     | Noticed a centaur warrior
 10025 | D:13     | Killed a centaur warrior
 10026 | D:13     | Reached XP level 12. HP: 20/70 MP: 0/0
 10037 | D:13     | Noticed a boulder beetle
 10046 | D:13     | Killed a boulder beetle
 10157 | D:13     | Noticed a six-headed hydra
 10163 | D:13     | Killed a six-headed hydra
 10313 | D:13     | Noticed a sphinx
 10327 | D:13     | Killed a sphinx
 10364 | D:13     | Noticed a frost giant
 10372 | D:13     | Killed from afar by a frost giant

Illustrated notes

Levels and vault maps discovered:
D:1:      shiori_shiawase, layout_basic
D:2:      layout_basic, uniq_terence
D:3:      layout_rooms, nicolae_ashenzari_skybound, hangedman_feature_mirror,
          uniq_sigmund, uniq_jessica
D:4:      layout_gridville, minmay_temple_entry_glassed_door, hex_medium,
          chequers_avenue, uniq_blork_the_orc
D:5:      layout_basic, vehumet_statue,
          mainiacjoe_overflow_concentric_impassable, minmay_misc_feat_x,
          uniq_menkaure
D:6:      layout_loops_ring, grunt_gozag_breadcrumbs, amcnicky_altar_gilded,
          gammafunk_ghost_abyssal_escape
D:7:      layout_basic, marbit_many_paths, uniq_prince_ribbit1
D:8:      layout_basic, mainiacjoe_overflow_small_starburst,
          david_lair_shrubbed, uniq_grum, uniq_joseph
D:9:      layout_roguey, mainiacjoe_overflow_alcove_1
D:10:     layout_roguey, kennysheep_mini, kiku_gazebo_garden_becter, tgw_trog,
          nicolae_overflow_crystal_walls, nicolae_ru_awakened_eye, uniq_nergalle
D:13:     nzn_winding_woodlands_cross [nzn_winding_woodlands_5x15_zeroes,
          nzn_winding_woodlands_5x15_cabin,
          nzn_winding_woodlands_5x15_longhouse,
          nzn_winding_woodlands_5x15_garden,
          nzn_winding_woodlands_15x15_boxy_spiral], layout_cave_pools,
          uniq_azrael
Temple:   hellmonk_temple_forest_ring

Skill      XL: |  1  2  3  4  5  6  7  8  9 10 11 12 |
---------------+-------------------------------------+-----
Spellcasting   | 3 4 5 7 9 10 12 | 12.8
Stealth        | 2 3 |  3.2
Dodging        | 3 5 6 7 9 |  9.5
Evocations     | 1 |  1.9
Armour         | 1 2 3 |  3.2
Shields        | 1 |  1.9
Fighting       | |  0.3

Action                     |  1- 3 |  4- 6 |  7- 9 | 10-12 || total
---------------------------+-------+-------+-------+-------++-------
  Melee: Rapier            |       |       |     1 |       ||     1
   Cast: Foxfire           |    41 |    11 |     8 |    34 ||    94
         Scorch            |     1 |     3 |     5 |    36 ||    45
         Shock             |    21 |    41 |    73 |    67 ||   202
         Inner Flame       |     5 |    26 |    57 |    85 ||   173
         Agony             |       |       |       |     4 ||     4
Ability: Evoke Blink       |       |     2 |       |     5 ||     7
    Use: Potion            |       |       |       |     4 ||     4
 Armour: Robe              |     2 |       |       |       ||     2
         Leather armour    |       |       |       |    15 ||    15
  Dodge: Dodged            |     6 |     2 |     8 |    56 ||    72
  Block: Other             |       |       |     3 |    19 ||    22
         Reflection        |       |       |     1 |     1 ||     2

Table legend: (Time is in decaauts)
 A = Elapsed time spent in this place.
 B = Non-inter-level travel time spent in this place.
 C = Inter-level travel time spent in this place.
 D = Time resting spent in this place.
 E = Time spent auto-exploring this place.
 F = Levels seen in this place.
 G = Mean time per level.
                   A        B        C        D        E       F      G
               +--------+--------+--------+--------+--------+-----+--------+
         Total |  10377 |   9895 |    482 |   3144 |   5419 |  12 |  864.8 |
       Dungeon |  10081 |   9715 |    366 |   3144 |   5281 |  11 |  916.5 |
        Temple |    296 |    180 |    116 |      0 |    138 |   1 |  296.0 |
               +--------+--------+--------+--------+--------+-----+--------+

Top non-repeatable levels by time:
     D:9: 1394 daAuts
     D:4: 1187 daAuts
     D:6: 1109 daAuts
     D:5: 1056 daAuts
     D:7: 978 daAuts
     D:2: 975 daAuts
     D:3: 890 daAuts
     D:8: 888 daAuts
     D:1: 821 daAuts
    D:13: 444 daAuts
    D:10: 332 daAuts
  Temple: 296 daAuts
